Map: Станция Кайрос РВ

Players

Murena - Winner!

  • Race: Terran Terran
  • Spawn Location: 5:00

ИИ 1 (эксперт)

  • Race: Protoss Protoss
  • Spawn Location: 11:00

VOD

Have the link to the VOD?

Description

Time

  • Played on: Feb. 12, 2019, 3:43 p.m.
  • Length: 13:17
Show
View Real Time Build Order
Export as new Build Order

Murena Terran - Winner!

Build Orders:  

Get SALT Encoding   

  12  0:00  SCV  
  13  0:12  SCV  
  14  0:18  Supply Depot  
  14  0:25  SCV  
  15  0:40  SCV  
  15  0:42  Barracks  
  16  0:47  Refinery  
  16  0:52  SCV  
  17  1:04  Barracks  
  17  1:05  SCV  
  18  1:16  Supply Depot  
  18  1:17  SCV  
  19  1:30  Marine  
  20  1:35  Orbital Command  
  20  1:48  Marine  
  20  1:51  Barracks Reactor  
  21  1:59  Refinery  
  21  2:01  SCV  
  22  2:06  Marine  
  23  2:11  Engineering Bay  
  23  2:13  SCV  
  24  2:23  Supply Depot  
  24  2:25  Barracks Tech Lab  
  24  2:27  SCV  
  24  2:28  Marine x2  
  27  2:38  Barracks  
  27  2:39  SCV  
  28  2:45  Marauder  
  28  2:48  Marine  
  31  2:51  Marine  
  31  2:54  SCV  
  33  2:58  Combat Shield  
  33  3:06  SCV  
  33  3:08  Marauder  
  36  3:14  Supply Depot  
  36  3:17  Marine  
  36  3:19  SCV  
  38  3:22  Marine  
  39  3:30  Terran Infantry Weapons Level 1  
  39  3:50  Command Center  
  39  3:54  Missile Turret  
  39  3:55  SCV  
  40  4:08  SCV, Factory  
  39  4:17  Bunker  
  39  4:18  Marauder  
  39  4:20  Stimpack  
  39  4:23  SCV  
  42  4:25  Marine  
  42  4:28  Barracks Tech Lab  
  42  4:33  Marine  
  42  4:35  SCV  
  42  4:40  Marauder  
  42  4:44  Supply Depot  
  40  4:46  Marine  
  40  4:50  Marauder  
  39  4:53  Marine  
  39  4:54  Concussive Shells  
  39  4:56  Factory Reactor  
  39  4:59  SCV  
  41  5:04  Marauder  
  43  5:07  SCV  
  43  5:12  Marauder  
  46  5:15  Reaper  
  46  5:17  SCV  
  48  5:24  Planetary Fortress  
  48  5:33  Missile Turret  
  48  5:34  Marine, Bunker  
  49  5:35  SCV  
  49  5:40  Hellion  
  52  5:43  Hellion  
  52  5:47  Marauder  
  52  5:49  SCV  
  57  5:53  Terran Infantry Armor Level 1  
  57  5:58  Marine  
  57  5:59  Marine  
  57  6:01  Marauder  
  61  6:10  SCV  
  61  6:11  SCV  
  63  6:18  Marauder  
  65  6:21  Marine x2  
  67  6:26  Command Center  
  67  6:29  SCV  
  67  6:30  SCV  
  69  6:32  Refinery  
  69  6:34  Refinery  
  65  6:40  Marauder x2  
  65  6:41  Marine  
  65  6:45  Marine  
  65  6:46  Hellion  
  63  6:52  Hellion  
  63  6:53  SCV  
  63  6:55  SCV  
  61  7:02  Marauder  
  61  7:06  Marine x2, SCV  
  61  7:07  Armory  
  66  7:11  Supply Depot  
  66  7:12  Marauder  
  66  7:15  Hellion  
  70  7:31  Supply Depot  
  70  7:35  Marine, Factory  
  70  7:36  Starport, Marauder  
  70  7:37  Marine  
  73  7:39  Marauder  
  73  7:42  Widow Mine  
  78  7:44  SCV  
  78  7:45  SCV  
  80  7:53  SCV  
  80  7:57  Marine x2  
  83  7:59  Hellion  
  83  8:00  Marauder  
  86  8:05  Marauder  
  86  8:06  Hellion  
  86  8:10  SCV x2  
  77  8:15  SCV  
  77  8:18  Marine x2  
  72  8:21  Factory Tech Lab  
  72  8:26  SCV x2, Marauder  
  76  8:28  Starport Reactor  
  76  8:30  Orbital Command  
  76  8:31  Bunker  
  78  8:34  Marauder  
  78  8:37  Terran Infantry Weapons Level 2  
  78  8:42  Marine x2  
  78  8:43  SCV  
  78  8:44  SCV  
  78  8:48  Siege Tank  
  85  8:54  Marauder  
  85  8:55  Hellion  
  89  8:56  Hellion  
  89  8:57  SCV  
  89  8:58  SCV  
  89  8:59  SCV  
  94  9:03  Marine x2  
  94  9:07  Marauder  
  98  9:11  SCV  
  98  9:13  Medivac  
  101  9:18  Supply Depot  
  101  9:24  Medivac  
  101  9:30  Marine x2, Marauder x2  
  96  9:37  Cyclone  
  96  9:38  Hellion x2  
  96  9:44  Medivac, SCV  
  96  9:45  SCV  
  96  9:49  Command Center  
  96  9:51  SCV  
  96  9:52  Supply Depot  
  95  9:55  Missile Turret  
  95  9:56  Marauder, Refinery  
  95  9:57  Marine, Refinery  
  95  9:59  Marine  
  99  10:07  SCV  
  99  10:08  SCV  
  99  10:09  SCV  
  99  10:11  Marauder  
  99  10:13  Siege Tank  
  107  10:16  Supply Depot  
  109  10:21  Marauder  
  109  10:28  Marine x2  
  111  10:32  Marauder  
  111  10:33  Hellion x2  
  117  10:40  Supply Depot  
  117  10:42  Marine  
  118  10:43  Supply Depot  
  118  10:45  Thor  
  124  10:52  Supply Depot  
  124  10:53  Supply Depot  
  124  10:57  Command Center  
  124  11:00  Marine  
  124  11:01  Marine, Marauder  
  124  11:02  Marauder, Hellion x2  
  128  11:08  SCV x3  
  125  11:20  Barracks  
  125  11:23  Barracks  
  125  11:27  Barracks  
  125  11:30  Thor, Engineering Bay  
  125  11:31  SCV  
  125  11:32  SCV, Starport  
  133  11:33  SCV  
  134  11:40  Orbital Command  
  134  11:44  Bunker  
  131  11:47  SCV x2  
  131  11:48  Marine, Marauder  
  131  11:49  Marine, Marauder  
  131  11:51  Hellion  
  131  11:53  Hellion  
  141  11:59  SCV  
  139  12:05  SCV  
  139  12:11  Marine x2  
  139  12:12  Marauder x2  
  139  12:14  Medivac x2  
  149  12:15  Starport Tech Lab  
  149  12:18  Barracks Tech Lab  
  149  12:19  Barracks Tech Lab x2  
  149  12:22  Thor  
  149  12:25  Hellion  
  149  12:27  Hellion  
  159  12:36  Marine x2  
  161  12:38  Marauder x2  
  161  12:39  Marauder x2  
  161  12:40  Marauder  
  174  12:44  SCV x2  
  174  12:46  SCV x2  
  174  12:50  Bunker  
  177  12:54  Refinery  
  177  12:55  Refinery  
  177  12:56  Marine x2  
Show
View Real Time Build Order
Export as new Build Order

ИИ 1 (эксперт) Protoss 

Build Orders: Mass Adepts, Zealot Archon 

Get SALT Encoding   

  12  0:00  Probe  
  13  0:13  Probe  
  14  0:20  Pylon  
  14  0:25  Probe  
  15  0:34  Probe  
  15  0:42  Probe  
  16  0:47  Assimilator  
  17  0:50  Gateway  
  17  0:51  Probe  
  18  0:59  Probe  
  18  1:01  Pylon  
  19  1:07  Probe  
  20  1:18  Probe  
  21  1:30  Probe  
  22  1:39  Zealot  
  24  1:42  Probe  
  25  1:49  Nexus  
  25  1:58  Probe  
  25  2:00  Cybernetics Core  
  25  2:06  Probe  
  27  2:18  Probe  
  28  2:26  Warp Gate  
  28  2:27  Pylon  
  28  2:30  Probe  
  29  2:37  Stalker  
  31  2:45  Gateway  
  31  2:48  Assimilator  
  31  2:49  Probe  
  32  2:59  Probe  
  32  3:02  Pylon  
  33  3:07  Adept  
  33  3:12  Probe  
  35  3:15  Gateway  
  36  3:23  Probe  
  37  3:30  Probe  
  37  3:31  Adept  
  40  3:35  Probe  
  40  3:37  Adept  
  43  3:42  Probe  
  43  3:47  Probe  
  45  3:53  Adept  
  45  3:55  Probe  
  46  3:59  Probe  
  46  4:01  Adept  
  51  4:07  Adept, Probe  
  51  4:08  Pylon  
  52  4:11  Probe  
  49  4:19  Probe  
  49  4:23  Pylon, Probe  
  49  4:29  Adept  
  41  4:36  Probe  
  30  4:39  Adept  
  30  4:45  Adept  
  32  4:47  Probe  
  32  4:50  Adept  
  32  4:52  Probe  
  33  4:59  Probe  
  34  5:01  Probe  
  35  5:14  Twilight Council  
  35  5:42  Stalker  
  37  5:51  Templar Archives  
  37  5:52  Stalker  
  39  6:02  Stalker  
  41  6:11  Zealot  
  41  6:15  Probe, Stalker  
  41  6:17  Probe  
  47  6:27  High Templar, Probe  
  47  6:29  Probe  
  47  6:32  High Templar  
  53  6:39  Zealot, Probe  
  48  6:42  Probe  
  39  6:56  Archon  
  39  6:57  Sentry  
  39  6:59  Assimilator, High Templar  
  43  7:03  Assimilator  
  43  7:04  Adept  
  45  7:12  Probe  
  45  7:14  Probe  
  47  7:18  Stalker  
  47  7:21  Zealot  
  51  7:24  Probe  
  51  7:26  Probe  
  53  7:35  High Templar  
  53  7:36  Probe  
  56  7:38  Probe  
  56  7:39  Stalker  
  56  7:41  Adept  
  61  7:48  Probe  
  61  7:50  Probe  
  63  7:53  Robotics Facility  
  63  7:56  Archon  
  63  8:00  Probe  
  63  8:01  Zealot  
  63  8:02  Probe  
  63  8:04  High Templar  
  65  8:09  Probe  
  58  8:15  Probe  
  58  8:17  Probe  
  58  8:18  High Templar  
  59  8:21  Zealot  
  59  8:27  Probe x2  
  63  8:31  Stalker  
  66  8:36  Pylon  
  66  8:39  Probe  
  68  8:41  Zealot, Probe  
  68  8:42  Observer  
  68  8:43  Archon  
  71  8:50  High Templar  
  71  8:51  Probe, Stalker  
  71  8:54  Probe  
  77  8:58  Pylon  
  77  9:02  Zealot  
  79  9:14  Forge, Stalker  
  79  9:16  Pylon  
  81  9:20  Zealot  
  81  9:22  High Templar, Nexus  
  77  9:32  Zealot  
  77  9:34  Stalker  
  77  9:37  Archon  
  73  9:47  High Templar  
  75  9:54  Zealot  
  75  9:55  Adept  
  75  9:57  Protoss Ground Weapons Level 1  
  79  10:04  Pylon  
  79  10:15  Adept, Sentry  
  79  10:18  Forge  
  79  10:19  Zealot  
  85  10:34  Stalker  
  85  10:35  High Templar, Probe x3  
  92  10:38  Sentry  
  94  10:44  Immortal  
  94  10:47  Probe  
  94  10:48  Assimilator, Probe  
  100  10:50  Probe  
  100  10:51  Protoss Ground Armor Level 1, Stalker  
  100  10:52  Assimilator  
  100  10:53  Zealot  
  101  10:59  Probe  
  101  11:01  Probe  
  101  11:03  Probe  
  86  11:07  Zealot  
  86  11:11  Probe  
  71  11:12  Zealot  
  71  11:13  Probe  
  71  11:14  Zealot  
  71  11:15  Probe  
  70  11:23  Probe  
  65  11:27  Probe, Sentry  
  65  11:29  Adept  
  70  11:34  Zealot  
  65  11:43  Zealot  
  65  11:46  Adept  
  38  11:54  High Templar  
  38  12:00  High Templar  
  32  12:03  High Templar  
  23  12:27  High Templar  
  23  12:31  Zealot  
  23  12:36  Pylon  
  17  12:44  Adept  
  17  12:57  Zealot  
  17  13:01  High Templar  
Tags
 
Add a new tag
Caveats
  • Supply blocks, unpowered buildings, or Contaminate may cause inaccurate times.
  • Supply counts are checked every 10 seconds.